cohdb
Replays
Latest Replays
All Replays
Popular Replays
Top Player Replays
Match Explorer
How It Works
Community
CoH3 Stats
Reddit
Sign in to upload your games and track your stats! →
Sign in with Steam
Match 35470567
Unlisted
Match 35470567
Overview
Messages
Build Orders
End
Selects Airborne Battlegroup
Selects Pathfinders
Pathfinder Squad
Pathfinder Squad
Construct Barracks
Riflemen Squad
Riflemen Squad
Grenade Package
Construct Weapon Support Center
Mechanized Support Center
Selects Paratrooper Squad Paradrop
Bazooka Squad
M1918 Browning Automatic Rifles
M1 Mortar Team
M3 Armored Personnel Carrier
Selects Anti-tank Gun Team Paradrop
Anti-tank Gun Team Paradrop
Anti-tank Gun Team Paradrop
Selects Recon Loiter
Selects Supply Drop
AI Takeover
Kev1nnszn
Field marshal Prince
TES的Cadian本人
Felisia_P
Well met!
moon
0
0
Comments
sign in to comment!
No comments posted yet!